 Adventure DCSS version bcrawl-1.27.3 (webtiles) character file.

Game seed: 17596897386231344705

149347 FluffGlitter the Geomancer (level 10, 0/61 HPs)
             Began as a Gargoyle Earth Elementalist on July 30, 2020.
             Was a Follower of Ashenzari.
             Slain by a wolf spider (3 damage)
             ... on level 9 of the Dungeon on Aug 1, 2020.
             The game lasted 02:19:27 (16078 turns).

FluffGlitter the Geomancer (GrEE)                  Turns: 16078, Time: 02:19:28

Health: 0/61       AC: 13    Str: 17    XL:     10   Next: 24%
Magic:  16/22      EV: 14    Int: 24    God:    Ashenzari [*.....]
Gold:   410        SH:  0    Dex: 10    Spells: 10/25 levels left
                                        Lives:  0   Deaths: 2

rFire    . . .     SeeInvis .   a - +2 dagger (venom) (curse)
rCold    . . .     Gourm    .   (no shield)
rNeg     + + .     Faith    .   J - +2 robe {rN+} (curse)
rPois    ∞         Spirit   .   p - +0 helmet (curse)
rElec    +         Reflect  .   (no cloak)
rCorr    .         Harm     .   m - +0 pair of gloves (curse)
MR       .....                  (no boots)
Stlth    +++.......             i - amulet of rage
HPRegen  0.20/turn              k - +5 ring of intelligence (curse)
MPRegen  0.18/turn              E - +5 ring of strength (curse)

@: no status effects
A: negative energy resistance 1, electricity resistance, unbreathing,
petrification resistance, rot immunity, AC +7
a: Curse Item, Scrying, Renounce Religion, Evoke Berserk Rage


You were on level 9 of the Dungeon.
You worshipped Ashenzari.
Ashenzari was aware of your devotion.
You were not hungry.

You visited 4 branches of the dungeon, and saw 14 of its levels.

You collected 550 gold pieces.
You spent 140 gold pieces at shops.

Inventory:

Hand Weapons
 a - a cursed +2 dagger of venom (weapon)
 b - a +0 blowgun
 c - a +0 whip of freezing
 O - a +0 hunting sling
Missiles
 q - 197 bolts
 t - 118 poisoned tomahawks (quivered)
 B - 899 stones
 C - 113 poisoned needles
 S - 15 curare-tipped needles
Armour
 m - a cursed +0 pair of gloves (worn)
 p - a cursed +0 helmet (worn)
 F - the +4 scale mail "Woavil" {rF+}
   (You took it off an orc knight on level 6 of the Dungeon)

   It protects you from fire.
 J - a cursed +2 robe of positive energy (worn)
 N - the +0 robe of Afianaxe {Int+3}
   (You found it on level 8 of the Dungeon)

   It affects your intelligence (+3).
Jewellery
 i - an amulet of rage (around neck)
 k - a cursed +5 ring of intelligence (left hand)
 r - an uncursed ring of ice
 x - an uncursed ring of resist corrosion
 E - a cursed +5 ring of strength (right hand)
 P - an uncursed ring of wizardry
Wands
 l - a wand of disintegration (27)
 z - a wand of iceblast (3)
Scrolls
 f - 6 scrolls of remove curse
 g - 3 scrolls of teleportation
 h - 2 scrolls of enchant armour
 j - 2 scrolls of fear
 s - a scroll of fog {unknown}
 y - 2 scrolls of identify
 L - 2 scrolls of immolation
 Q - 3 scrolls of enchant weapon {unknown}
 R - a scroll of silence {unknown}
 W - a scroll of magic mapping {unknown}
Potions
 d - a potion of curing
 n - 2 potions of agility
 o - 2 potions of magic
 u - a potion of brilliance
 w - a potion of mutation
 A - a potion of might
 D - 2 potions of flight
 G - a potion of lignification
 H - a potion of berserk rage
 I - 2 potions of ambrosia
 T - 2 potions of heal wounds
 Y - 2 potions of degeneration {unknown}
Comestibles
 e - 15 rations {!d}
 v - 2 chunks of flesh


   Skills:
 + Level 6.8 Fighting
 - Level 2.1 Short Blades
 - Level 1.0 Throwing
 + Level 5.8 Dodging
 - Level 5.0 Stealth
 - Level 1.0 Unarmed Combat
 + Level 8.3 Spellcasting
 + Level 8.1 Conjurations
 - Level 0.8 Transmutations
 + Level 12.8 Earth Magic


You had 10 spell levels left.
You knew the following spells:

 Your Spells              Type           Power        Failure   Level  Hunger
a - Sandblast             Erth           ######       1%          1    None
b - Passwall              Tmut/Erth      #####...     1%          2    None
c - Stone Arrow           Conj/Erth      ######       1%          3    None
d - Lee's Rapid Deconstr  Erth           ######....   1%          5    #####..
e - Petrify               Tmut/Erth      #####.....   3%          4    ###....

Your spell library contained the following spells:

 Spells                   Type           Power        Failure   Level  Hunger
 Flame Tongue             Conj/Fire      ####.        1%          1    None
 Conjure Flame            Conj/Fire      ####....     3%          3    None
 Corona                   Hex            #......      6%          1    None
 Flaming Arrows           Chrm/Fire      #.......     10%         2    None
 Shackle                  Hex            #.......     10%         2    None
 Sticky Flame             Conj/Fire      ####....     12%         4    ###....
 False Image              Hex/Summ       #.......     19%         3    None
 Inner Flame              Hex/Fire       N/A          19%         3    None
 Fireball                 Conj/Fire      ####......   32%         5    #####..
 Yara's Violent Unravell  Hex/Tmut       ##........   45%         4    ###....
 Cause Fear               Hex            #.........   54%         4    ###....


Dungeon Overview and Level Annotations

Branches:
Dungeon (11/12)            Temple (1/1) D:7            Lair (1/6) D:7
    Orc (1/1) D:9
    Elf: Orc:1       Vaults: D:11-12

Altars:
Ashenzari
Cheibriados
Dithmenos
Elyvilon
Fedhas
Gozag
Hepliaklqana
Kikubaaqudgha
Lugonu
Makhleb
Nemelex Xobeh
Okawaru
Qazlal
Ru
Sif Muna
Trog
Uskayaw
Vehumet
Wu Jian
Xom
Yredelemnul
Zin
The Shining One
Beogh

Shops:
D:4 ?   D:7 (   D:9 !   Orc (

Annotations:
D:4 1 runed door


Innate Abilities, Weirdness & Mutations

You are resistant to torment.
Your stone body is resilient. (AC +7)
You are immune to poison.
You resist negative energy. (rN+)
You are resistant to electric shocks. (rElec)
You can survive without breathing.
You are immune to petrification.
You are immune to rotting.


Message History

Things that are here:
a +0 chain mail; a +0 whip
Casting: Sandblast (safe; 1% risk of failure)
Confirm with . or Enter, or press ? or * to list all spells.
Aiming: Passwall (safe; 1% risk of failure)
Press: ? - help, Dir - move target cursor The wolf spider barely misses you.
The wolf spider bites you.
You begin to meditate on the wall.
You continue meditating on the rock.
The wolf spider hits you but does no damage.
The wolf spider bites you but does no damage.
The wolf spider hits you. The wolf spider misses you.
You continue meditating on the rock.
The wolf spider hits you!!
* * * LOW HITPOINT WARNING * * *
The wolf spider bites you.
* * * LOW HITPOINT WARNING * * *
You continue meditating on the rock.
The wolf spider hits you but does no damage.
The wolf spider bites you.
You die...

#.###########........
#.#.........'........
#.#.#.#####.#........
#.#.......#..........
#.###.###.###........
#)###.#.#.###........
#########'#..............####
#...........#÷###.######.#
#...........@s.....[.....#
#..........######)#.###..##
#..........# #.#.#..)..#
#..........######.#[#.##..#
#.............).#.#.#<.#..#
#.................#.####..#
#...........<.....#.).....##
#.................##.......#
#.................##.....#.#


You could see a wolf spider.

Vanquished Creatures
  A centaur warrior (D:9)
  Erica (D:9)
  2 two-headed ogres
  Pikel (D:6)
  An orc knight (D:6)
  A manticore (D:10)
  A troll (D:8)
  4 hippogriffs
  Sigmund (D:5)
  A wyvern (D:6)
  5 yaks (D:8)
  Eustachio (D:5)
  A hungry ghost (D:7)
  A soldier ant (D:6)
  Edmund (D:6)
  A water moccasin (D:5)
  A crocodile (D:8)
  4 ice beasts
  A necrophage (D:9)
  2 slaves (D:6)
  3 sky beasts
  A phantom (D:7)
  5 centaurs
  4 ogres
  6 orc warriors (D:9)
  5 big kobolds
  4 bullfrogs
  Blork the orc (D:6)
  7 killer bees
  2 howler monkeys
  A bullfrog zombie (D:7)
  11 crimson imps
  4 hounds
  2 quasits
  6 centaur zombies
  2 bullfrog skeletons
  9 orc priests
  12 orc wizards
  2 iguanas
  5 worker ants
  A hound zombie (D:8)
  A hound skeleton (D:5)
  A howler monkey skeleton (D:5)
  5 adders
  11 gnolls
  An adder skeleton (D:6)
  8 worms
  A dart slug (D:1)
  6 leopard geckos
  25 orcs
  A ball python (D:2)
  3 giant cockroaches
  5 goblins
  15 hobgoblins
  16 jackals
  32 kobolds
  4 quokkas
  4 bats
  5 frilled lizards
  5 rats
  A fungus (D:7)
275 creatures vanquished.

Vanquished Creatures (others)
  A slave (D:6)
  A howler monkey (D:6)
  A plant (D:9)
3 creatures vanquished.

Grand Total: 278 creatures vanquished

Notes
Turn   | Place    | Note
-------+----------+-------------------------------------------
     0 | D:1      | FluffGlitter the Gargoyle Earth Elementalist began the
                  | quest for the Orb.
     0 | D:1      | Reached XP level 1. HP: 10/10 MP: 3/3
    99 | D:1      | Reached XP level 2. HP: 13/15 MP: 1/5
   210 | D:1      | Reached skill level 4 in Earth Magic
   522 | D:1      | Reached XP level 3. HP: 19/19 MP: 6/6
   666 | D:1      | Reached skill level 1 in Unarmed Combat
  1380 | D:2      | Reached XP level 4. HP: 24/24 MP: 7/7
  1475 | D:2      | Reached skill level 5 in Earth Magic
  1732 | D:3      | Noticed a centaur
  1938 | D:2      | Reached XP level 5. HP: 20/28 MP: 8/8
  2330 | D:2      | Learned a level 2 spell: Passwall
  2334 | D:2      | Learned a level 3 spell: Stone Arrow
  2676 | D:3      | Found a shadowy altar of Dithmenos.
  2679 | D:3      | Found an iron altar of Okawaru.
  2679 | D:3      | Found a glowing silver altar of Zin.
  2689 | D:3      | Found a sparkling altar of Nemelex Xobeh.
  2689 | D:3      | Found an ancient bone altar of Kikubaaqudgha.
  3018 | D:3      | Reached skill level 1 in Short Blades
  3365 | D:2      | Killed a centaur
  3365 | D:2      | Reached XP level 6. HP: 24/33 MP: 7/10
  3665 | D:3      | Reached skill level 1 in Fighting
  3945 | D:3      | Reached skill level 6 in Earth Magic
  4114 | D:4      | Found Luhiw's Magic Scroll Shop.
  4138 | D:4      | Reached XP level 7. HP: 25/38 MP: 8/11
  4786 | D:4      | Found a runed door.
  4940 | D:4      | Reached skill level 1 in Conjurations
  5292 | D:4      | Reached skill level 7 in Earth Magic
  5439 | D:4      | Reached XP level 8. HP: 36/43 MP: 10/13
  5619 | D:5      | Entered Level 5 of the Dungeon
  5628 | D:5      | Reached skill level 8 in Earth Magic
  6086 | D:4      | Found a shimmering blue altar of Sif Muna.
  6583 | D:5      | Noticed Eustachio
  6827 | D:5      | Found a white marble altar of Elyvilon.
  6832 | D:5      | Killed Eustachio
  6832 | D:5      | Reached skill level 5 in Spellcasting
  6832 | D:5      | Reached skill level 9 in Earth Magic
  7021 | D:5      | Reached XP level 9. HP: 47/47 MP: 16/16
  7451 | D:5      | Noticed Sigmund
  7485 | D:5      | Killed Sigmund
  7485 | D:5      | Reached skill level 1 in Throwing
  7485 | D:5      | Reached skill level 10 in Earth Magic
  7832 | D:6      | Found a bloodstained altar of Trog.
  7861 | D:6      | Noticed Edmund
  7890 | D:6      | Killed Edmund
  8343 | D:6      | Reached skill level 5 in Stealth
  8381 | D:6      | Noticed Blork the orc
  8403 | D:6      | Killed Blork the orc
  8567 | D:6      | Learned a level 5 spell: Lee's Rapid Deconstruction
  8572 | D:6      | Learned a level 4 spell: Petrify
  8607 | D:6      | Noticed Pikel
  8637 | D:6      | Killed Pikel
  8637 | D:6      | Reached skill level 11 in Earth Magic
  9013 | D:6      | Identified the +4 scale mail "Woavil" {rF+}
  9013 | D:6      | Noticed an orc knight
  9025 | D:6      | Reached skill level 5 in Conjurations
  9025 | D:6      | Reached XP level 10. HP: 43/54 MP: 11/19
  9357 | D:6      | Killed an orc knight
 10062 | D:7      | Found a staircase to the Ecumenical Temple.
 10132 | Temple   | Entered the Ecumenical Temple
 10363 | Temple   | Became a worshipper of Ashenzari the Shackled
 10477 | D:7      | Found Betyxaf's Antique Weapon Boutique.
 10570 | D:7      | Found a staircase to the Lair.
 10615 | Lair:1   | Entered Level 1 of the Lair of Beasts
 10679 | D:7      | Found a white marble altar of Elyvilon.
 11032 | D:7      | Found a sacrificial altar of Ru.
 11034 | D:7      | Found a basalt altar of Yredelemnul.
 11191 | D:8      | Identified the +0 robe of Afianaxe {Int+3}
 11193 | D:8      | Noticed a hell beast
 11194 | D:8      | Noticed an orange demon
 11206 | D:8      | Noticed a hell beast
 11209 | D:8      | Noticed a hell beast
 11229 | D:8      | Found a burning altar of Makhleb.
 11397 | D:8      | Reached * piety under Ashenzari
 11580 | D:8      | Found a snail-covered altar of Cheibriados.
 12161 | D:8      | Noticed a two-headed ogre
 12171 | D:8      | Killed a two-headed ogre
 12171 | D:8      | Reached skill level 5 in Fighting
 12171 | D:8      | Reached skill level 12 in Earth Magic
 12171 | D:8      | Reached XP level 11. HP: 64/64 MP: 3/22
 12534 | D:9      | Found Xahec's Distillery.
 12534 | D:9      | Noticed a centaur warrior
 12536 | D:9      | Bought a potion of heal wounds for 70 gold pieces
 12536 | D:9      | Bought a potion of heal wounds for 70 gold pieces
 12733 | D:8      | Found a shimmering altar of Xom.
 12734 | D:8      | Found a burning altar of Makhleb.
 13128 | D:9      | Noticed Erica
 13341 | D:9      | Killed a centaur warrior
 13341 | D:9      | Reached skill level 5 in Dodging
 14246 | D:10     | Entered Level 10 of the Dungeon
 14573 | D:9      | Killed Erica
 15124 | D:10     | Noticed a manticore
 15133 | D:10     | Killed a manticore
 15150 | D:10     | Noticed a seven-headed hydra
 15226 | D:10     | HP: 1/66 [acid (11)]
 15226 | D:10     | Slain by a seven-headed hydra
 15227 | D:10     | Reached XP level 10. HP: -3/61 MP: 22/22
 15247 | D:10     | Noticed a two-headed ogre
 15291 | D:9      | Found a staircase to the Orcish Mines.
 15507 | D:9      | Found a roughly hewn altar of Beogh.
 15778 | Orc      | Entered the Orcish Mines
 15778 | Orc      | Found Qonyur's Antique Weapon Shop.
 15806 | D:10     | Noticed a cyclops
 15810 | D:9      | Mangled by a two-headed ogre
 15811 | D:9      | Reached XP level 9. HP: -12/56 MP: 20/21
 15899 | D:9      | Killed a two-headed ogre
 15899 | D:9      | Reached XP level 10. HP: 49/61 MP: 5/22
 16067 | D:10     | Noticed a wolf spider
 16077 | D:9      | HP: 3/61 [wolf spider (4)]
 16078 | D:9      | Slain by a wolf spider

Skill      XL: |  1  2  3  4  5  6  7  8  9 10 11 |
---------------+----------------------------------+-----
Earth Magic    | 4 5 6 7 9 11 12 | 12.8
Unarmed Combat | 1 |  1.0
Stealth        | 3 4 5 |  5.0
Dodging        | 2 3 4 5 |  5.8
Short Blades   | 1 2 |  2.1
Fighting       | 1 2 5 6 |  6.8
Spellcasting   | 3 5 6 7 8 |  8.3
Conjurations   | 2 3 8 6 7 |  8.1
Throwing       | 1 |  1.0
Transmutations | |  0.8

Action                   |  1- 3 |  4- 6 |  7- 9 | 10-12 || total
-------------------------+-------+-------+-------+-------++-------
Melee: Unarmed           |    73 |       |       |       ||    73
       Short sword       |     6 |       |       |       ||     6
       Dagger            |    75 |   373 |   615 |   574 ||  1637
       Punch             |       |       |     2 |     4 ||     6
Throw: Tomahawk          |       |       |    12 |    29 ||    41
 Cast: Sandblast         |    28 |    33 |    81 |    59 ||   201
       Passwall          |       |     1 |     3 |     8 ||    12
       Stone Arrow       |       |       |     2 |     5 ||     7
       Lee's Rapid Decon |       |       |     5 |    20 ||    25
       Petrify           |       |       |     3 |    18 ||    21
Invok: Curse Item        |       |       |       |     6 ||     6
  Use: Scroll            |       |     1 |    14 |     5 ||    20
       Potion            |       |       |       |     2 ||     2
 Stab: Sleeping          |     2 |     1 |     2 |     1 ||     6
       Petrified         |       |       |       |     5 ||     5
  Eat: Chunk             |     6 |    14 |    19 |    18 ||    57
       Ration            |       |     2 |     3 |     7 ||    12
Armor: Robe              |    55 |   153 |   241 |   307 ||   756
Dodge: Dodged            |   121 |   224 |   388 |   401 ||  1134
